 Dungeon Crawl Stone Soup version 0.29-a0-96-g93358da72b (webtiles) character file.

Game seed: 10118345203109226691

250 cyrus the Poker (level 6, -13/49 HPs)
             Began as a Merfolk Fighter on Feb 11, 2022.
             Was a Follower of the Shining One.
             Killed by divine providence
             ... invoked by an orc priest
              (14 damage)
             ... on level 3 of the Dungeon.
             The game lasted 00:07:31 (3123 turns).

cyrus the Poker (Merfolk Fighter)                   Turns: 3123, Time: 00:07:31

Health: -13/49     AC:  7    Str: 17    XL:     6   Next: 13%
Magic:  3/6        EV:  9    Int:  9    God:    the Shining One [*.....]
Gold:   122        SH: 11    Dex: 13    Spells: 5/5 levels left

rFire   . . .      SeeInvis .   a - +0 trident
rCold   . . .      Faith    .   c - +0 buckler
rNeg    . . .      Spirit   .   b - +0 scale mail
rPois   .          Reflect  .   (no helmet)
rElec   .          Harm     .   (no cloak)
rCorr   .          Rampage  .   k - +0 pair of gloves
Will    .....                   (no boots)
Stlth   ..........              (no amulet)
HPRegen 0.16/turn               (no ring)
MPRegen 0.10/turn               (no ring)

@: divinely shielded, glowing
A: (nimble swimmer 2), mertail
a: Renounce Religion, Divine Shield


You were on level 3 of the Dungeon.
You worshipped the Shining One.
The Shining One was aware of your devotion.
You visited 1 branch of the dungeon, and saw 3 of its levels.

You collected 122 gold pieces.

Inventory:

Hand Weapons
 a - a +0 trident (weapon)
Missiles
 e - 125 stones (quivered)
Armour
 b - a +0 scale mail (worn)
 c - a +0 buckler (worn)
 k - a +0 pair of gloves (worn)
Jewellery
 l - a +6 ring of strength
 o - a ring of resist corrosion
Scrolls
 g - 5 scrolls of identify {unknown}
 h - a scroll of fear {unknown}
 j - 2 scrolls of enchant weapon {unknown}
Potions
 f - a potion of attraction {unknown}
 i - a potion of ambrosia {unknown}
 m - a potion of mutation {unknown}
 n - 3 potions of curing {unknown}
 p - a potion of degeneration {unknown}


   Skills:
 + Level 4.7 Fighting
 + Level 5.7 Polearms
 + Level 2.8 Armour
 + Level 1.5 Dodging
 + Level 3.8 Shields


You had 5 spell levels left.
You didn't know any spells.
Your spell library contained the following spells:

 Spells                   Type           Power      Damage    Failure   Level
 Magic Dart               Conj           0%         1d3       87%         1
 Sting                    Tmut/Pois      0%         1d3       87%         1
 Poisonous Vapours        Pois/Air       0%         N/A       95%         2
 Searing Ray              Conj           0%         2d4       95%         2
 Call Canine Familiar     Summ           0%         N/A       99%         3
 Portal Projectile        Hex/Tloc       0%         N/A       99%         3
 Fulminant Prism          Conj/Hex       0%         3d6       100%        4
 Leda's Liquefaction      Hex/Erth       0%         N/A       100%        4
 Olgreb's Toxic Radiance  Pois           0%         N/A       100%        4


Dungeon Overview and Level Annotations

Branches:
Dungeon (3/15)

Altars:
Kikubaaqudgha
The Shining One


Innate Abilities, Weirdness & Mutations

((You are very nimble when in or above water. (Stealth+, EV+, Speed+++)))
Your lower body shifts to a powerful aquatic tail in water.


Message History

The orc wizard hits you but does no damage.
You're too confused to move!
You feel less confused.
The orc wizard hits you but does no damage.
You barely miss the orc wizard.
The orc wizard is severely wounded.
You block the orc priest's attack. The orc wizard completely misses you.
The orc priest barely misses you.
You hit the orc wizard but do no damage.
The orc wizard is severely wounded.
The orc wizard gestures at you while chanting.
The puff of flame hits you but does no damage.
The orc priest hits you with a +0 club.
You hit the orc wizard but do no damage.
The orc wizard is severely wounded.
The orc wizard closely misses you.
The orc priest hits you but does no damage.
You puncture the orc wizard!
You kill the orc wizard!
Reactivating autopickup.
The orc priest barely misses you.
The orc priest calls down the wrath of Beogh upon you.
Beogh smites you!
* * * LOW HITPOINT WARNING * * *
Things that are here:
a +0 hand axe; a +0 robe; an orc corpse You block the orc priest's attack.
Items here: ( ))) [[ †.
You see here 14 gold pieces.
Your shield is strengthened by the Shining One's divine power.
The orc priest calls down the wrath of Beogh upon you.
Beogh smites you!
* * * LOW HITPOINT WARNING * * *
Unknown command.
Items here: )) [ †.
You puncture the orc priest!
The orc priest is heavily wounded.
The orc priest calls down the wrath of Beogh upon you.
Beogh smites you!
You die...

..............
............
#..........
#.........
#.....Zo.
#....##.#
#....##o#######
#@o)o.......
#.##.####### #.
#.##.# ###..
#.##.# .....
#.##.#
.....##..#.###
.........†.P.#
........≈≈≈..#
#####..≈≈≈≈≈.#


You could see 2 orc priests and an orc.

Vanquished Creatures
  A centaur (D:3)
  2 orc wizards (D:3)
  3 adders (D:2)
  2 worms (D:2)
  3 dart slugs
  4 orcs (D:3)
  5 endoplasms
  9 giant cockroaches
  8 hobgoblins
  4 jackals (D:1)
  9 kobolds
  A quokka (D:1)
  6 ball pythons
  8 bats
  5 frilled lizards
  7 goblins
  7 rats
84 creatures vanquished.

Vanquished Creatures (others)
  A rat (D:1)
1 creature vanquished.

Grand Total: 85 creatures vanquished

Notes
Turn   | Place    | Note
-------+----------+-------------------------------------------
     0 | D:1      | cyrus the Merfolk Fighter began the quest for the Orb.
     0 | D:1      | Reached XP level 1. HP: 18/18 MP: 1/1
   166 | D:1      | You fall into a shaft and drop 1 floor!
   178 | D:2      | Reached XP level 2. HP: 24/24 MP: 2/2
   542 | D:2      | Reached XP level 3. HP: 30/30 MP: 3/3
  1139 | D:2      | Reached skill level 4 in Polearms
  1178 | D:2      | Reached XP level 4. HP: 37/37 MP: 4/4
  1217 | D:2      | Found an ancient bone altar of Kikubaaqudgha.
  2499 | D:1      | Found a faded altar of an unknown god.
  2532 | D:1      | Prayed at the altar of an unknown god.
  2532 | D:1      | Became a worshipper of the Shining One
  2532 | D:1      | Reached * piety under the Shining One
  2688 | D:1      | Reached skill level 1 in Dodging
  2941 | D:3      | Noticed a centaur
  2952 | D:3      | Killed a centaur
  2953 | D:3      | Reached skill level 5 in Polearms
  2953 | D:3      | Reached XP level 5. HP: 34/43 MP: 5/5
  3110 | D:3      | Reached XP level 6. HP: 27/49 MP: 6/6
  3121 | D:3      | HP: 1/49 [orc priest/divine providence (14)]
  3123 | D:3      | Killed from afar by an orc priest

Illustrated notes

Levels and vault maps discovered:
D:1:      minmay_arrival_shattered_statue, layout_basic,
          shapermc_ecumenical_altar_acropolis, minmay_pentomino_w4
D:2:      layout_basic, basic_altar, st_stairs_11, minmay_indecisive_spiral
D:3:      layout_basic, serial_undead, serial_undead_b, serial_undead_f,
          serial_undead_d, serial_undead_d

Skill      XL: |  1  2  3  4 |
---------------+-------------+-----
Polearms       | 4 5 |  5.7
Fighting       | 4 |  4.7
Dodging        | 1 |  1.5
Armour         | |  2.8
Shields        | |  3.8

Action                   |  1- 3 |  4- 6 || total
-------------------------+-------+-------++-------
Melee: Trident           |   110 |   166 ||   276
       Tailslap          |       |     1 ||     1
Throw: Stone             |       |     1 ||     1
Invok: Divine Shield     |       |     1 ||     1
  Use: Potion            |       |     1 ||     1
Armor: Scale mail        |    55 |   107 ||   162
Dodge: Dodged            |    48 |   122 ||   170
Block: Buckler           |    23 |    54 ||    77

Table legend: (Time is in decaauts)
 A = Elapsed time spent in this place.
 B = Non-inter-level travel time spent in this place.
 C = Inter-level travel time spent in this place.
 D = Time resting spent in this place.
 E = Time spent auto-exploring this place.
 F = Levels seen in this place.
 G = Mean time per level.
                   A        B        C        D        E       F      G
               +--------+--------+--------+--------+--------+-----+--------+
         Total |   3158 |   3152 |      6 |    384 |   1827 |   3 | 1052.7 |
       Dungeon |   3158 |   3152 |      6 |    384 |   1827 |   3 | 1052.7 |
               +--------+--------+--------+--------+--------+-----+--------+

Top non-repeatable levels by time:
     D:2: 1664 daAuts
     D:1: 1280 daAuts
     D:3: 213 daAuts
